 Dungeon Crawl Stone Soup version 0.25-a0-290-g4a1327e (webtiles) character file.

Game seed: 8604930270027462935, levelgen mode: deterministic

34 MrTaco21 the Skirmisher (level 3, 0/34 HPs)
             Began as a Minotaur Fighter on Dec 14, 2019.
             Slain by a ball python (1 damage)
             ... on level 2 of the Dungeon.
             The game lasted 00:02:19 (473 turns).

MrTaco21 the Skirmisher (Minotaur Fighter)           Turns: 473, Time: 00:02:20

Health: 0/34       AC:  6    Str: 21    XL:     3   Next: 14%
Magic:  2/2        EV:  4    Int:  5    God:
Gold:   47         SH:  9    Dex:  9    Spells: 2/2 levels left

rFire    . . .     SeeInvis .   a - +0 trident
rCold    . . .     Gourm    .   c - +0 shield
rNeg     . . .     Faith    .   b - +0 scale mail
rPois    .         Spirit   .   (helmet restricted)
rElec    .         Reflect  .   (no cloak)
rCorr    .         Harm     .   (no gloves)
MR       .....                  (no boots)
Stlth    ..........             (no amulet)
HPRegen  0.11/turn              (no ring)
MPRegen  0.08/turn              (no ring)

@: lethally poisoned (0 -> -2), constricted
A: retaliatory headbutt, horns 2
a: no special abilities


You were on level 2 of the Dungeon.
You were not hungry.

You visited 1 branch of the dungeon, and saw 2 of its levels.

You collected 47 gold pieces.

Inventory:

Hand Weapons
 a - a +0 trident (weapon)
Armour
 b - a +0 scale mail (worn)
 c - a +0 shield (worn)
 j - a +1 cloak
   (You found it on level 1 of the Dungeon)
Jewellery
 i - an uncursed ring of see invisible {unknown}
   (You found it on level 1 of the Dungeon)
Scrolls
 g - 3 scrolls of random uselessness {unknown}
 h - a scroll of teleportation {unknown}
Potions
 d - a potion of might
Comestibles
 e - 2 rations {!d}
 f - 5 chunks of flesh


   Skills:
 + Level 4.5 Fighting
 + Level 3.5 Polearms
 - Level 3.6 Armour
 - Level 3.6 Shields


You had 2 spell levels left.
You didn't know any spells.
Your spell library was empty.

Dungeon Overview and Level Annotations

Branches:
Dungeon (2/15)

Altars:


Innate Abilities, Weirdness & Mutations

You reflexively headbutt those who attack you in melee.
You have a pair of horns on your head.


Message History

You shout for attention!
What are your orders? t - Shout!
Orders for allies: a - Attack new target. r - Retreat! s - Stop attacking. g - Guard the area. f - Follow me.
Anything else - Cancel.
You shout for attention!
Found 9 poisoned darts.
Found a stone staircase leading down.
Found a scroll labeled REPAGY OLAZYITZ.
Found 21 stones.
An adder comes into view.
The adder hisses angrily.
Found a stone staircase leading up.
A ball python comes into view.
The ball python hisses angrily.
You block the adder's attack.
The adder bites you but does no damage. x2
You block the adder's attack. The adder bites you but does no damage.
The adder bites you but does no damage. The ball python closely misses you.
You block the ball python's attack.
The ball python bites you but does no damage.
The ball python grabs you.
* * * LOW HITPOINT WARNING * * *
The ball python constricts you. You block the adder's attack.
The adder bites you.
* * * LOW HITPOINT WARNING * * *
You block the ball python's attack. The ball python constricts you.
You block the adder's attack.
The ball python bites you but does no damage.
The ball python constricts you.
Unknown command.
The adder bites you but does no damage. You block the ball python's attack.
The ball python constricts you.
Unknown command.
The adder bites you.
* * * LOW HITPOINT WARNING * * *
You are poisoned.
The adder poisons you!
The ball python bites you but does no damage.
The ball python constricts you. You block the adder's attack.
* * * LOW HITPOINT WARNING * * *
You feel sick. You block the ball python's attack.
* * * LOW HITPOINT WARNING * * *
The ball python constricts you. The adder barely misses you.
The ball python bites you.
* * * LOW HITPOINT WARNING * * *
You die...

...### ......##
#..(....##
#.<.#....###
##......#... #
.....#...>###.#
#....S......?# ##
#....S@......##.##
#..####.###.##...##
#.# #.#..(..### #.#
#..........
#.###.#..$..#
#..........##
#####.##..##
#.##..# #.##..##


You could see an adder and a ball python.

Vanquished Creatures
  A dart slug (D:1)
  A leopard gecko (D:2)
  A giant cockroach (D:1)
  4 goblins (D:1)
  3 hobgoblins (D:1)
  4 jackals (D:1)
  4 bats (D:1)
  A frilled lizard (D:1)
  4 kobolds (D:1)
  6 rats (D:1)
29 creatures vanquished.

Notes
Turn   | Place    | Note
-------+----------+-------------------------------------------
     0 | D:1      | MrTaco21 the Minotaur Fighter began the quest for the Orb.
     0 | D:1      | Reached XP level 1. HP: 19/19 MP: 0/0
    37 | D:1      | Reached skill level 4 in Fighting
    62 | D:1      | Reached XP level 2. HP: 27/27 MP: 1/1
   318 | D:1      | Reached XP level 3. HP: 30/34 MP: 2/2
   473 | D:2      | HP: 1/34 [ball python (1)]
   473 | D:2      | Slain by a ball python

Levels and vault maps discovered:
D:1:      minmay_arrival_three_doors, layout_rooms, minmay_tetromino_s4
D:2:      layout_loops_ring, minmay_rat_hole

Skill      XL: |  1 |
---------------+----+-----
Fighting       | 4 |  4.5
Polearms       | 3 |  3.5
Armour         | |  3.6
Shields        | |  3.6

Action                   || total
-------------------------++-------
Melee: Trident           ||    72
       Headbutt          ||     6
Armor: Scale mail        ||    59
Dodge: Dodged            ||    46
Block: Shield            ||    93

Table legend:
 A = Non-vault XP
 B = Vault XP
 C = Vault XP percentage of total XP
 D = Non-vault monster count
 E = Vault monster count
 F = Vault count percentage of total count
                 A         B        C        D         E       F
            +---------+---------+-------+---------+---------+-------
      Total |      45 |       4 |   8.2 |      28 |       1 |   3.4
            +---------+---------+-------+---------+---------+-------
        D:1 |      42 |       4 |   8.7 |      27 |       1 |   3.6
        D:2 |       3 |       0 |   0.0 |       1 |       0 |   0.0
            +---------+---------+-------+---------+---------+-------
